Oilers vs Jets

Created - May-01-13 at 19:09

Goals
1 2 3 T
Oilers 1 2 2 5
Jets 1 1 0 2
Shots
1 2 3 T
Oilers 19 9 9 37
Jets 16 8 9 33

1st period

1. Jets , Jordan Staal 5 (Erik Cole, James Wisniewski) at 2:52
2. Oilers , Jan Hejda 1 (Derek Roy, Jakub Voracek) at 13:26 (PP)

Penalties :
Jason Garrison (WPG) for Roughing (Minor) at 5:40, Johnny Oduya (WPG) for Hooking (Minor) at 11:22, Jordan Staal (WPG) for Delaying the game (Minor) at 11:43, Jan Hejda (EDM) for Holding (Minor) at 14:39, Erik Cole (WPG) for Roughing (Minor) at 15:40

2nd period

3. Oilers , Ruslan Fedotenko 2 (Erik Gustafsson, Mikael Samuelsson) at 8:10
4. Oilers , Mikael Samuelsson 2 (Chris Phillips) at 9:51
5. Jets , Jamie Benn 1 (Jason Garrison, Henrik Sedin) at 12:29

Penalties :
Jan Hejda (EDM) for Holding (Minor) at 2:24, David Backes (EDM) for Hooking (Minor) at 4:26, Jason Garrison (WPG) for High sticking (Minor) at 15:23, Jason Garrison (WPG) for Tripping (Minor) at 19:08

3rd period

6. Oilers , Derek Roy 1 (Jason Pominville, Scott Hannan) at 0:13 (PP)
7. Oilers , Jason Pominville 5 (Jochen Hecht, Jan Hejda) at 12:57

Penalties :
Chris Phillips (EDM) for Hooking (Minor) at 3:06, Mark Giordano (WPG) for Tripping (Minor) at 16:24

Goalie Stats

Kari Lehtonen (EDM), 31 saves from 33 shots - (0.939), W, 5-2-0, 60:00 minutes
Tim Thomas (WPG), 32 saves from 37 shots - (0.865), L, 5-1-0, 60:00 minutes

Players Stats for Oilers

Player Name              G  A  P  +/- PIM S  H  SB GA TA FO     MP     PP MP  PK MP  
------------------------------------------------------------------------------------
Brian Boyle              0  0  0   1  0   2  4  0  0  0  11/20  15:31   0:00   3:31 
Chris Phillips           0  1  1   0  2   1  4  3  0  0  0/0    20:44   0:00   2:44 
Dany Heatley             0  0  0   0  0   3  0  0  0  0  2/3    18:32   5:28   0:00 
David Backes             0  0  0   0  2   0  5  0  0  0  10/27  19:51   4:39   1:08 
Derek Roy                1  1  2   0  0   4  1  1  0  0  20/36  26:58   5:28   3:31 
Erik Gustafsson          0  1  1   2  0   2  0  4  0  0  0/0    22:53   4:58   3:14 
Jakub Voracek            0  1  1   0  0   2  0  0  0  0  0/1    18:55   5:51   0:00 
Jan Hejda                1  1  2   0  4   4  3  1  0  0  0/0    28:15   5:09   2:21 
Jason Pominville         1  1  2   0  0   7  0  0  0  0  4/6    23:49   5:28   3:27 
Jeff Schultz             0  0  0   0  0   0  0  1  0  0  0/0     0:32   0:00   0:00 
Jochen Hecht             0  1  1   0  0   0  0  0  0  0  0/0    14:29   0:00   0:05 
Mathieu Darche           0  0  0   1  0   0  0  1  0  0  0/1     8:16   0:00   3:39 
Mikael Samuelsson        1  1  2   1  0   5  0  0  0  0  0/1    16:11   4:39   0:00 
Radek Dvorak             0  0  0   0  0   0  0  0  0  0  0/0     3:19   0:00   0:00 
Ruslan Fedotenko         1  0  1   1  0   3  0  0  0  0  0/0    16:41   4:39   0:00 
Scott Hannan             0  1  1   0  0   4  0  1  0  0  0/0    26:28   4:16   3:38 
Sean ODonnell            0  0  0  -1  0   0  1  0  0  0  0/0     5:55   0:00   0:29 
Tomas Holmstrom          0  0  0   0  0   0  0  0  0  0  0/0     4:41   0:00   0:05 

Players Stats for Jets

Player Name              G  A  P  +/- PIM S  H  SB GA TA FO     MP     PP MP  PK MP  
------------------------------------------------------------------------------------
Carlo Colaiacovo         0  0  0   0  0   0  1  1  0  0  0/0    18:50   3:06   0:23 
Dave Bolland             0  0  0  -1  0   2  0  0  0  0  5/10   10:16   0:00   2:11 
Erik Cole                0  1  1   0  2   3  6  0  0  0  0/1    18:10   3:05   0:00 
Henrik Sedin             0  1  1   0  0   2  0  1  0  0  15/28  20:47   3:52   0:00 
James Wisniewski         0  1  1   0  0   1  3  2  0  0  0/0    25:08   3:52   4:42 
Jamie Benn               1  0  1   0  0   4  5  0  0  0  1/1    20:21   3:52   0:00 
Jason Garrison           0  1  1   0  6   1  0  0  0  0  0/0    22:43   3:06   3:06 
Johnny Oduya             0  0  0  -1  2   0  1  0  0  0  0/0    13:08   0:00   2:57 
Jordan Staal             1  0  1   0  2   4  2  1  0  0  23/42  24:19   3:06   6:08 
Lee Stempniak            0  0  0  -1  0   2  0  0  0  0  0/1     8:05   0:00   0:00 
Mark Fistric             0  0  0   0  0   0  0  0  0  0  0/0     0:48   0:00   0:00 
Mark Giordano            0  0  0   0  2   4  3  0  0  0  0/0    22:42   3:52   3:02 
Martin Erat              0  0  0   0  0   1  0  0  0  0  1/1    18:27   3:06   0:00 
Matt Cooke               0  0  0   0  0   0  3  0  0  0  0/0     4:32   0:00   1:58 
Matt Cullen              0  0  0   0  0   0  0  0  0  0  2/7     4:21   0:00   1:47 
Matt Moulson             0  0  0   0  0   4  1  0  0  0  1/1    20:47   3:52   0:00 
Pascal Dupuis            0  0  0  -1  0   5  2  0  0  0  0/3    17:10   0:00   6:31 
Ron Hainsey              0  0  0  -1  0   0  0  1  0  0  0/0    16:36   0:00   6:04 

3 Stars

1 - Mikael Samuelsson (EDM)
2 - Derek Roy (EDM)
3 - Jamie Benn (WPG)

Power Play

Oilers - 2 on 7 Attempt(s) - 28.57%
Jets - 0 on 4 Attempt(s) - 0.00%

Penalty Kill

Oilers - 4 on 4 Attempt(s) - 100.00% - Score 0 goal in Penalty Kill
Jets - 5 on 7 Attempt(s) - 71.43% - Score 0 goal in Penalty Kill

Official

Referees : Gord Dwyer and Greg Kimmerly
Linesman : Tim Nowak and Mike Cvik

Game Notes

Jeff Schultz is injured at 3:24 of 1st period (Lower Body)
Sean ODonnell is injured at 15:40 of 1st period (Bruised Left Leg)

Finance

Level 1 -- Attendance: 6000 (100.00%) -- Ticket Income $690,000
Level 2 -- Attendance: 4731 (94.62%) -- Ticket Income $430,521
Level 3 -- Attendance: 2200 (100.00%) -- Ticket Income $178,200
Level 4 -- Attendance: 1015 (100.00%) -- Ticket Income $76,125
Luxury Box -- Attendance: 800 (100.00%) -- Ticket Income $240,000
Game was played at the MTS Center
Total Attendance: 14746 (98.21%)
Total Ticket Income: $1,614,846
Other Income: $242,227
Total Income: $1,857,073


% Time on Ice - Oilers

Lines # - Real PCT - Wanted PCT - Time Play
Normal Forward
1 - 31% - 31% - 13:04
2 - 33% - 31% - 14:02
3 - 27% - 29% - 11:32
4 - 8% - 9% - 3:19
Normal Defense
1 - 24% - 33% - 10:03
2 - 39% - 32% - 16:27
3 - 36% - 25% - 15:18
4 - 0% - 10% - 0:09
PP Forward
1 - 54% - 60% - 5:28
2 - 46% - 40% - 4:39
PP Defense
1 - 58% - 50% - 5:51
2 - 42% - 50% - 4:16
PK Forward
1 - 50% - 50% - 3:27
2 - 50% - 50% - 3:31
PK Defense
1 - 31% - 50% - 2:09
2 - 69% - 50% - 4:49
PK3 Forward
1 - 0% - 50%
2 - 0% - 50%
PK3 Defense
1 - 0% - 50%
2 - 0% - 50%
44 Forward
1 - 52% - 50% - 0:30
2 - 48% - 50% - 0:28
44 Defense
1 - 100% - 50% - 0:58
2 - 0% - 50% - 0:00
Last Minute Offensive  - 0:00
Last Minute Defensive  - 0:00
Total
Forward - 60:00
Defense - 60:00

% Time on Ice - Jets

Lines # - Real PCT - Wanted PCT - Time Play
Normal Forward
1 - 39% - 35% - 16:13
2 - 36% - 34% - 15:05
3 - 19% - 21% - 8:05
4 - 6% - 10% - 2:34
Normal Defense
1 - 37% - 35% - 15:21
2 - 38% - 35% - 16:04
3 - 23% - 23% - 9:44
4 - 2% - 7% - 0:48
PP Forward
1 - 56% - 60% - 3:52
2 - 44% - 40% - 3:06
PP Defense
1 - 56% - 63% - 3:52
2 - 44% - 37% - 3:06
PK Forward
1 - 77% - 60% - 6:31
2 - 23% - 40% - 1:58
PK Defense
1 - 64% - 60% - 5:25
2 - 36% - 40% - 3:04
PK3 Forward
1 - 100% - 60% - 1:38
2 - 0% - 40% - 0:00
PK3 Defense
1 - 40% - 60% - 0:39
2 - 60% - 40% - 0:59
44 Forward
1 - 72% - 60% - 0:42
2 - 28% - 40% - 0:16
44 Defense
1 - 52% - 60% - 0:30
2 - 48% - 40% - 0:28
Last Minute Offensive  - 0:00
Last Minute Defensive  - 0:00
Total
Forward - 60:00
Defense - 60:00

Play by Play

1st period


0:01 of 1st period - Henrik Sedin wins face-off versus David Backes in neutral zone.
0:07 of 1st period - Icing by Chris Phillips.
0:08 of 1st period - Jordan Staal wins face-off versus David Backes in Oilers zone.
0:42 of 1st period - Jan Hejda is hit by Erik Cole and loses puck.
0:51 of 1st period - Shot by Dany Heatley.
0:51 of 1st period - Stopped by Tim Thomas without a rebound.
0:52 of 1st period - Dave Bolland wins face-off versus Derek Roy in Jets zone.
1:15 of 1st period - Shot by Jason Pominville.
1:15 of 1st period - Stopped by Tim Thomas with a rebound.
1:39 of 1st period - Sean ODonnell is hit by Pascal Dupuis and loses puck.
1:55 of 1st period - Scott Hannan is hit by Jamie Benn and loses puck.
2:00 of 1st period - Shot by Henrik Sedin.
2:00 of 1st period - Stopped by Kari Lehtonen with a rebound.
2:02 of 1st period - Shot by Matt Moulson.
2:02 of 1st period - Stopped by Kari Lehtonen with a rebound.
2:04 of 1st period - Shot by Mark Giordano.
2:04 of 1st period - Stopped by Kari Lehtonen with a rebound.
2:36 of 1st period - Icing by Sean ODonnell.
2:37 of 1st period - Derek Roy wins face-off versus Erik Cole in Oilers zone.
2:37 of 1st period - Jason Pominville is hit by Erik Cole and loses puck.
2:52 of 1st period - Shot by Erik Cole.
2:52 of 1st period - Deflect By Jordan Staal.
2:52 of 1st period - Goal by Jordan Staal - Oilers : 0 - Jets : 1.
2:53 of 1st period - Brian Boyle wins face-off versus Matt Cullen in neutral zone.
2:58 of 1st period - Matt Cooke is hit by Brian Boyle and loses puck.
3:02 of 1st period - Ron Hainsey is hit by Brian Boyle.
3:24 of 1st period - Shot by Matt Cooke.
3:24 of 1st period - Shot Blocked by Jeff Schultz.
3:24 of 1st period - Jeff Schultz from Oilers is injured at 3:24 of 1st period (Lower Body).
3:25 of 1st period - Henrik Sedin wins face-off versus David Backes in Oilers zone.
3:34 of 1st period - Shot by Matt Moulson.
3:34 of 1st period - Stopped by Kari Lehtonen without a rebound.
3:35 of 1st period - Dany Heatley wins face-off versus Jordan Staal in Oilers zone.
3:35 of 1st period - Dany Heatley is hit by Erik Cole.
4:03 of 1st period - Jordan Staal is hit by Jan Hejda and loses puck.
4:06 of 1st period - Shot by Jordan Staal.
4:06 of 1st period - Shot Misses the Net.
4:08 of 1st period - Shot by Jordan Staal.
4:08 of 1st period - Stopped by Kari Lehtonen without a rebound.
4:09 of 1st period - Brian Boyle wins face-off versus Henrik Sedin in Oilers zone.
5:21 of 1st period - Shot by Pascal Dupuis.
5:21 of 1st period - Stopped by Kari Lehtonen with a rebound.
5:23 of 1st period - Shot by Johnny Oduya.
5:23 of 1st period - Shot Misses the Net.
5:25 of 1st period - Shot by Dave Bolland.
5:25 of 1st period - Stopped by Kari Lehtonen with a rebound.
5:27 of 1st period - Shot by Dave Bolland.
5:27 of 1st period - Stopped by Kari Lehtonen without a rebound.
5:28 of 1st period - Jordan Staal wins face-off versus David Backes in Oilers zone.
5:40 of 1st period - Minor Penalty to Jason Garrison for Roughing.
5:41 of 1st period - Jordan Staal wins face-off versus David Backes in Jets zone.
5:41 of 1st period - Jordan Staal is hit by David Backes.
6:07 of 1st period - Icing by Jan Hejda.
6:08 of 1st period - Jordan Staal wins face-off versus David Backes in Oilers zone.
6:56 of 1st period - Shot by Jason Pominville.
6:56 of 1st period - Stopped by Tim Thomas without a rebound.
6:57 of 1st period - Jordan Staal wins face-off versus Dany Heatley in Jets zone.
7:10 of 1st period - Shot by Jordan Staal.
7:10 of 1st period - Stopped by Kari Lehtonen without a rebound.
7:11 of 1st period - Derek Roy wins face-off versus Jordan Staal in Oilers zone.
7:11 of 1st period - Derek Roy is hit by Jordan Staal.
7:16 of 1st period - Dany Heatley is hit by James Wisniewski and loses puck.
7:57 of 1st period - Shot by Mikael Samuelsson.
7:57 of 1st period - Stopped by Tim Thomas without a rebound.
7:58 of 1st period - David Backes wins face-off versus Jordan Staal in Jets zone.
8:11 of 1st period - Shot by Jakub Voracek.
8:11 of 1st period - Shot Misses the Net.
8:29 of 1st period - Shot by Dany Heatley.
8:29 of 1st period - Shot Misses the Net.
8:31 of 1st period - Shot by Jakub Voracek.
8:31 of 1st period - Shot Blocked by James Wisniewski.
8:33 of 1st period - Shot by David Backes.
8:33 of 1st period - Deflect By Jakub Voracek.
8:33 of 1st period - Stopped by Tim Thomas with a rebound.
9:01 of 1st period - Shot by Jason Pominville.
9:01 of 1st period - Deflect By Derek Roy.
9:01 of 1st period - Stopped by Tim Thomas with a rebound.
9:13 of 1st period - Shot by Derek Roy.
9:13 of 1st period - Shot Misses the Net.
9:15 of 1st period - Shot by Derek Roy.
9:15 of 1st period - Stopped by Tim Thomas without a rebound.
9:16 of 1st period - Henrik Sedin wins face-off versus Brian Boyle in Jets zone.
9:31 of 1st period - Mikael Samuelsson is hit by Carlo Colaiacovo and loses puck.
10:13 of 1st period - Shot by Lee Stempniak.
10:13 of 1st period - Stopped by Kari Lehtonen with a rebound.
10:15 of 1st period - Shot by Pascal Dupuis.
10:15 of 1st period - Stopped by Kari Lehtonen with a rebound.
10:25 of 1st period - Shot by Dave Bolland.
10:25 of 1st period - Shot Misses the Net.
10:27 of 1st period - Shot by Pascal Dupuis.
10:27 of 1st period - Stopped by Kari Lehtonen without a rebound.
10:28 of 1st period - Derek Roy wins face-off versus Matt Cullen in Oilers zone.
10:28 of 1st period - Derek Roy is hit by Matt Cooke.
10:35 of 1st period - Jason Pominville is hit by Matt Cooke and loses puck.
10:43 of 1st period - Off-side.
10:44 of 1st period - Brian Boyle wins face-off versus Lee Stempniak in neutral zone.
11:13 of 1st period - Shot by Brian Boyle.
11:13 of 1st period - Stopped by Tim Thomas without a rebound.
11:14 of 1st period - Derek Roy wins face-off versus Henrik Sedin in Jets zone.
11:22 of 1st period - Minor Penalty to Johnny Oduya for Hooking.
11:23 of 1st period - Jordan Staal wins face-off versus Derek Roy in Jets zone.
11:33 of 1st period - Off-side.
11:34 of 1st period - Derek Roy wins face-off versus Jordan Staal in neutral zone.
11:43 of 1st period - Minor Penalty to Jordan Staal for Delaying the game.
11:44 of 1st period - Derek Roy wins face-off versus Matt Cullen in Jets zone.
12:09 of 1st period - Shot by Jakub Voracek.
12:09 of 1st period - Stopped by Tim Thomas without a rebound.
12:10 of 1st period - David Backes wins face-off versus Matt Cullen in Jets zone.
12:13 of 1st period - Shot by Ruslan Fedotenko.
12:13 of 1st period - Deflect By Mikael Samuelsson.
12:13 of 1st period - Stopped by Tim Thomas without a rebound.
12:14 of 1st period - David Backes wins face-off versus Matt Cullen in Jets zone.
12:41 of 1st period - Shot by Erik Gustafsson.
12:41 of 1st period - Stopped by Tim Thomas without a rebound.
12:42 of 1st period - Dave Bolland wins face-off versus Derek Roy in Jets zone.
12:49 of 1st period - Shot by Jason Pominville.
12:49 of 1st period - Stopped by Tim Thomas without a rebound.
12:50 of 1st period - Matt Cullen wins face-off versus Derek Roy in Jets zone.
12:50 of 1st period - Matt Cullen is hit by Derek Roy.
13:02 of 1st period - Shot by Jakub Voracek.
13:02 of 1st period - Deflect By Dany Heatley.
13:02 of 1st period - Shot Hit the Post.
13:04 of 1st period - Shot by Dany Heatley.
13:04 of 1st period - Shot Misses the Net.
13:06 of 1st period - Shot by Jan Hejda.
13:06 of 1st period - Stopped by Tim Thomas with a rebound.
13:08 of 1st period - Shot by Jason Pominville.
13:08 of 1st period - Deflect By Dany Heatley.
13:08 of 1st period - Stopped by Tim Thomas with a rebound.
13:26 of 1st period - Shot by Jan Hejda.
13:26 of 1st period - Goal by Jan Hejda - Oilers : 1 - Jets : 1.
13:27 of 1st period - Henrik Sedin wins face-off versus Brian Boyle in neutral zone.
13:29 of 1st period - Matt Moulson is hit by Brian Boyle and loses puck.
13:37 of 1st period - Icing by Mikael Samuelsson.
13:38 of 1st period - Brian Boyle wins face-off versus Jordan Staal in Oilers zone.
13:49 of 1st period - Shot by Mikael Samuelsson.
13:49 of 1st period - Stopped by Tim Thomas without a rebound.
13:50 of 1st period - Henrik Sedin wins face-off versus David Backes in Jets zone.
13:50 of 1st period - Henrik Sedin is hit by David Backes.
14:00 of 1st period - Jamie Benn is hit by Jan Hejda and loses puck.
14:09 of 1st period - Shot by Carlo Colaiacovo.
14:09 of 1st period - Shot Misses the Net.
14:11 of 1st period - Shot by Jamie Benn.
14:11 of 1st period - Shot Blocked by Jan Hejda.
14:13 of 1st period - Shot by Mark Giordano.
14:13 of 1st period - Stopped by Kari Lehtonen without a rebound.
14:14 of 1st period - Jordan Staal wins face-off versus Derek Roy in Oilers zone.
14:20 of 1st period - Erik Cole is hit by Sean ODonnell and loses puck.
14:32 of 1st period - Icing by Jason Garrison.
14:33 of 1st period - Jordan Staal wins face-off versus Brian Boyle in Jets zone.
14:39 of 1st period - Minor Penalty to Jan Hejda for Holding.
14:40 of 1st period - Derek Roy wins face-off versus Henrik Sedin in Oilers zone.
15:39 of 1st period - Sean ODonnell is hit by Erik Cole and loses puck.
15:40 of 1st period - Minor Penalty to Erik Cole for Roughing.
15:40 of 1st period - Sean ODonnell from Oilers is injured at 15:40 of 1st period (Bruised Left Leg).
15:41 of 1st period - Jason Pominville wins face-off versus Henrik Sedin in Jets zone.
15:52 of 1st period - Shot by Jason Pominville.
15:52 of 1st period - Deflect By Ruslan Fedotenko.
15:52 of 1st period - Shot Misses the Net.
15:54 of 1st period - Shot by Chris Phillips.
15:54 of 1st period - Stopped by Tim Thomas without a rebound.
15:55 of 1st period - Matt Moulson wins face-off versus Brian Boyle in Jets zone.
16:06 of 1st period - Shot by Henrik Sedin.
16:06 of 1st period - Shot Blocked by Erik Gustafsson.
16:20 of 1st period - Shot by Henrik Sedin.
16:20 of 1st period - Deflect By Matt Moulson.
16:20 of 1st period - Shot Misses the Net.
16:22 of 1st period - Shot by Mark Giordano.
16:22 of 1st period - Stopped by Kari Lehtonen without a rebound.
16:23 of 1st period - Jamie Benn wins face-off versus Jason Pominville in Oilers zone.
16:28 of 1st period - Shot by Martin Erat.
16:28 of 1st period - Shot Misses the Net.
16:44 of 1st period - Shot by Jan Hejda.
16:44 of 1st period - Shot Misses the Net.
17:11 of 1st period - Icing by Dany Heatley.
17:12 of 1st period - Derek Roy wins face-off versus Jordan Staal in Oilers zone.
17:52 of 1st period - Icing by Henrik Sedin.
17:53 of 1st period - Henrik Sedin wins face-off versus Brian Boyle in Jets zone.
18:07 of 1st period - Jan Hejda is hit by Mark Giordano and loses puck.
18:10 of 1st period - Shot by Ruslan Fedotenko.
18:10 of 1st period - Stopped by Tim Thomas without a rebound.
18:11 of 1st period - Jordan Staal wins face-off versus Derek Roy in Jets zone.
19:24 of 1st period - Shot by Dany Heatley.
19:24 of 1st period - Stopped by Tim Thomas with a rebound.
19:46 of 1st period - Shot by Jamie Benn.
19:46 of 1st period - Stopped by Kari Lehtonen without a rebound.
19:47 of 1st period - Brian Boyle wins face-off versus Dave Bolland in Oilers zone.

2nd period


0:01 of 2nd period - Derek Roy wins face-off versus Jordan Staal in neutral zone.
0:28 of 2nd period - Shot by Jordan Staal.
0:28 of 2nd period - Stopped by Kari Lehtonen without a rebound.
0:29 of 2nd period - Dany Heatley wins face-off versus Henrik Sedin in Oilers zone.
0:29 of 2nd period - Dany Heatley is hit by Jamie Benn.
0:35 of 2nd period - Shot by Jan Hejda.
0:35 of 2nd period - Stopped by Tim Thomas without a rebound.
0:36 of 2nd period - Henrik Sedin wins face-off versus Brian Boyle in Jets zone.
0:36 of 2nd period - Henrik Sedin is hit by Brian Boyle.
1:08 of 2nd period - Shot by Mikael Samuelsson.
1:08 of 2nd period - Shot Misses the Net.
1:10 of 2nd period - Shot by Mikael Samuelsson.
1:10 of 2nd period - Shot Blocked by James Wisniewski.
1:12 of 2nd period - Shot by Scott Hannan.
1:12 of 2nd period - Stopped by Tim Thomas with a rebound.
1:56 of 2nd period - Shot by Martin Erat.
1:56 of 2nd period - Shot Misses the Net.
1:58 of 2nd period - Shot by Erik Cole.
1:58 of 2nd period - Stopped by Kari Lehtonen without a rebound.
1:59 of 2nd period - David Backes wins face-off versus Dave Bolland in Oilers zone.
2:04 of 2nd period - Shot by Jan Hejda.
2:04 of 2nd period - Stopped by Tim Thomas without a rebound.
2:05 of 2nd period - David Backes wins face-off versus Dave Bolland in Jets zone.
2:14 of 2nd period - Lee Stempniak is hit by David Backes and loses puck.
2:23 of 2nd period - Dany Heatley is hit by Pascal Dupuis.
2:24 of 2nd period - Minor Penalty to Jan Hejda for Holding.
2:25 of 2nd period - Brian Boyle wins face-off versus Henrik Sedin in Oilers zone.
2:45 of 2nd period - Shot by Jamie Benn.
2:45 of 2nd period - Shot Blocked by Derek Roy.
2:47 of 2nd period - Shot by Henrik Sedin.
2:47 of 2nd period - Stopped by Kari Lehtonen without a rebound.
2:48 of 2nd period - Jordan Staal wins face-off versus Mathieu Darche in Oilers zone.
2:54 of 2nd period - Jordan Staal is hit by Chris Phillips and loses puck.
2:59 of 2nd period - Shot by Martin Erat.
2:59 of 2nd period - Stopped by Kari Lehtonen without a rebound.
3:00 of 2nd period - Henrik Sedin wins face-off versus Derek Roy in Oilers zone.
3:04 of 2nd period - Shot by James Wisniewski.
3:04 of 2nd period - Stopped by Kari Lehtonen without a rebound.
3:05 of 2nd period - Henrik Sedin wins face-off versus Brian Boyle in Oilers zone.
3:18 of 2nd period - Chris Phillips is hit by Jamie Benn and loses puck.
4:11 of 2nd period - Shot by Brian Boyle.
4:11 of 2nd period - Shot Blocked by Jordan Staal.
4:24 of 2nd period - Carlo Colaiacovo is hit by David Backes and loses puck.
4:26 of 2nd period - Minor Penalty to David Backes for Hooking.
4:27 of 2nd period - Brian Boyle wins face-off versus Jordan Staal in Oilers zone.
4:54 of 2nd period - Shot by Jordan Staal.
4:54 of 2nd period - Shot Misses the Net.
5:44 of 2nd period - Shot by James Wisniewski.
5:44 of 2nd period - Shot Blocked by Chris Phillips.
5:46 of 2nd period - Shot by Mark Giordano.
5:46 of 2nd period - Shot Blocked by Mathieu Darche.
6:17 of 2nd period - Off-side.
6:18 of 2nd period - Henrik Sedin wins face-off versus Derek Roy in neutral zone.
8:10 of 2nd period - Shot by Ruslan Fedotenko.
8:10 of 2nd period - Goal by Ruslan Fedotenko - Oilers : 2 - Jets : 1.
8:11 of 2nd period - Derek Roy wins face-off versus Jordan Staal in neutral zone.
9:51 of 2nd period - Shot by Mikael Samuelsson.
9:51 of 2nd period - Goal by Mikael Samuelsson - Oilers : 3 - Jets : 1.
9:52 of 2nd period - Henrik Sedin wins face-off versus David Backes in neutral zone.
10:03 of 2nd period - Shot by Henrik Sedin.
10:03 of 2nd period - Shot Misses the Net.
11:23 of 2nd period - Shot by Martin Erat.
11:23 of 2nd period - Shot Misses the Net.
11:35 of 2nd period - Dany Heatley is hit by Matt Cooke and loses puck.
11:50 of 2nd period - Shot by Pascal Dupuis.
11:50 of 2nd period - Shot Blocked by Erik Gustafsson.
12:29 of 2nd period - Shot by Jamie Benn.
12:29 of 2nd period - Goal by Jamie Benn - Oilers : 3 - Jets : 2.
12:30 of 2nd period - Derek Roy wins face-off versus Henrik Sedin in neutral zone.
12:50 of 2nd period - James Wisniewski is hit by Jan Hejda and loses puck.
12:57 of 2nd period - Shot by Matt Moulson.
12:57 of 2nd period - Stopped by Kari Lehtonen without a rebound.
12:58 of 2nd period - Jordan Staal wins face-off versus Brian Boyle in Oilers zone.
12:58 of 2nd period - Jordan Staal is hit by Chris Phillips.
13:00 of 2nd period - Shot by Mark Giordano.
13:00 of 2nd period - Shot Blocked by Scott Hannan.
13:16 of 2nd period - Martin Erat is hit by Chris Phillips and loses puck.
13:36 of 2nd period - Shot by Brian Boyle.
13:36 of 2nd period - Deflect By Ruslan Fedotenko.
13:36 of 2nd period - Stopped by Tim Thomas without a rebound.
13:37 of 2nd period - Henrik Sedin wins face-off versus Derek Roy in Jets zone.
14:07 of 2nd period - Shot by Jason Pominville.
14:07 of 2nd period - Stopped by Tim Thomas without a rebound.
14:08 of 2nd period - Derek Roy wins face-off versus Dave Bolland in Jets zone.
14:17 of 2nd period - Shot by Tomas Holmstrom.
14:17 of 2nd period - Deflect By Derek Roy.
14:17 of 2nd period - Stopped by Tim Thomas without a rebound.
14:18 of 2nd period - Jordan Staal wins face-off versus Brian Boyle in Jets zone.
14:27 of 2nd period - Shot by Mark Giordano.
14:27 of 2nd period - Shot Misses the Net.
15:23 of 2nd period - Minor Penalty to Jason Garrison for High sticking.
15:24 of 2nd period - Jordan Staal wins face-off versus David Backes in Jets zone.
15:24 of 2nd period - Jordan Staal is hit by David Backes.
15:31 of 2nd period - Icing by Ruslan Fedotenko.
15:32 of 2nd period - Jordan Staal wins face-off versus David Backes in Oilers zone.
16:22 of 2nd period - Icing by Jason Pominville.
16:23 of 2nd period - Jason Pominville wins face-off versus Jordan Staal in Oilers zone.
17:29 of 2nd period - Off-side.
17:30 of 2nd period - Henrik Sedin wins face-off versus Derek Roy in neutral zone.
17:37 of 2nd period - Shot by Jamie Benn.
17:37 of 2nd period - Stopped by Kari Lehtonen without a rebound.
17:38 of 2nd period - Brian Boyle wins face-off versus Henrik Sedin in Oilers zone.
17:48 of 2nd period - Off-side.
17:49 of 2nd period - Henrik Sedin wins face-off versus Derek Roy in neutral zone.
18:47 of 2nd period - Shot by Brian Boyle.
18:47 of 2nd period - Stopped by Tim Thomas without a rebound.
18:48 of 2nd period - David Backes wins face-off versus Jordan Staal in Jets zone.
18:48 of 2nd period - David Backes is hit by James Wisniewski.
18:54 of 2nd period - Shot by Jakub Voracek.
18:54 of 2nd period - Shot Misses the Net.
19:08 of 2nd period - Minor Penalty to Jason Garrison for Tripping.
19:09 of 2nd period - Derek Roy wins face-off versus Pascal Dupuis in Jets zone.
19:14 of 2nd period - Shot by Dany Heatley.
19:14 of 2nd period - Shot Misses the Net.
19:29 of 2nd period - Icing by Jan Hejda.
19:30 of 2nd period - Jason Pominville wins face-off versus Jordan Staal in Oilers zone.

3rd period


0:01 of 3rd period - Jordan Staal wins face-off versus Derek Roy in neutral zone.
0:13 of 3rd period - Shot by Derek Roy.
0:13 of 3rd period - Goal by Derek Roy - Oilers : 4 - Jets : 2.
0:14 of 3rd period - Brian Boyle wins face-off versus Henrik Sedin in neutral zone.
0:23 of 3rd period - Shot by Chris Phillips.
0:23 of 3rd period - Shot Blocked by Henrik Sedin.
0:28 of 3rd period - Brian Boyle is hit by Mark Giordano and loses puck.
2:12 of 3rd period - Off-side.
2:13 of 3rd period - David Backes wins face-off versus Pascal Dupuis in neutral zone.
2:47 of 3rd period - Shot by Lee Stempniak.
2:47 of 3rd period - Stopped by Kari Lehtonen without a rebound.
2:48 of 3rd period - Jordan Staal wins face-off versus Mikael Samuelsson in Oilers zone.
2:48 of 3rd period - Martin Erat is hit by Chris Phillips and loses puck.
3:06 of 3rd period - Minor Penalty to Chris Phillips for Hooking.
3:07 of 3rd period - Derek Roy wins face-off versus Henrik Sedin in Oilers zone.
3:07 of 3rd period - Derek Roy is hit by Matt Moulson.
4:17 of 3rd period - Shot by Jason Garrison.
4:17 of 3rd period - Deflect By Erik Cole.
4:17 of 3rd period - Stopped by Kari Lehtonen without a rebound.
4:18 of 3rd period - Jordan Staal wins face-off versus Derek Roy in Oilers zone.
4:19 of 3rd period - Shot by Jason Garrison.
4:19 of 3rd period - Stopped by Kari Lehtonen without a rebound.
4:20 of 3rd period - Derek Roy wins face-off versus Jordan Staal in Oilers zone.
4:20 of 3rd period - Derek Roy is hit by Erik Cole.
5:12 of 3rd period - Shot by Pascal Dupuis.
5:12 of 3rd period - Deflect By Dave Bolland.
5:12 of 3rd period - Shot Hit the Post.
5:14 of 3rd period - Shot by Pascal Dupuis.
5:14 of 3rd period - Stopped by Kari Lehtonen without a rebound.
5:15 of 3rd period - Dave Bolland wins face-off versus David Backes in Oilers zone.
5:23 of 3rd period - Icing by Jakub Voracek.
5:24 of 3rd period - David Backes wins face-off versus Henrik Sedin in Oilers zone.
5:24 of 3rd period - David Backes is hit by Jamie Benn.
5:36 of 3rd period - Shot by Matt Moulson.
5:36 of 3rd period - Shot Misses the Net.
5:57 of 3rd period - Dany Heatley is hit by Johnny Oduya and loses puck.
6:05 of 3rd period - Icing by Johnny Oduya.
6:06 of 3rd period - Henrik Sedin wins face-off versus Derek Roy in Jets zone.
6:24 of 3rd period - Icing by Jan Hejda.
6:25 of 3rd period - Derek Roy wins face-off versus Jordan Staal in Oilers zone.
7:33 of 3rd period - Off-side.
7:34 of 3rd period - Dave Bolland wins face-off versus David Backes in neutral zone.
8:54 of 3rd period - Shot by Jamie Benn.
8:54 of 3rd period - Stopped by Kari Lehtonen without a rebound.
8:55 of 3rd period - Matt Cullen wins face-off versus Derek Roy in Oilers zone.
8:58 of 3rd period - Shot by Pascal Dupuis.
8:58 of 3rd period - Shot Misses the Net.
9:21 of 3rd period - Shot by Jason Pominville.
9:21 of 3rd period - Stopped by Tim Thomas with a rebound.
9:25 of 3rd period - Shot by Jason Pominville.
9:25 of 3rd period - Shot Misses the Net.
9:59 of 3rd period - Icing by Tomas Holmstrom.
10:00 of 3rd period - Brian Boyle wins face-off versus Jordan Staal in Oilers zone.
10:00 of 3rd period - Mikael Samuelsson is hit by Jordan Staal and loses puck.
11:17 of 3rd period - Shot by David Backes.
11:17 of 3rd period - Shot Blocked by Ron Hainsey.
11:27 of 3rd period - Shot by Matt Moulson.
11:27 of 3rd period - Stopped by Kari Lehtonen without a rebound.
11:28 of 3rd period - Jason Pominville wins face-off versus Dave Bolland in Oilers zone.
11:43 of 3rd period - Icing by Scott Hannan.
11:44 of 3rd period - Derek Roy wins face-off versus Jordan Staal in Oilers zone.
11:57 of 3rd period - Shot by Jason Pominville.
11:57 of 3rd period - Stopped by Tim Thomas without a rebound.
11:58 of 3rd period - David Backes wins face-off versus Henrik Sedin in Jets zone.
12:04 of 3rd period - David Backes is hit by Mark Giordano and loses puck.
12:19 of 3rd period - Shot by Jakub Voracek.
12:19 of 3rd period - Shot Misses the Net.
12:21 of 3rd period - Shot by Erik Gustafsson.
12:21 of 3rd period - Stopped by Tim Thomas without a rebound.
12:22 of 3rd period - Derek Roy wins face-off versus Jordan Staal in Jets zone.
12:41 of 3rd period - Shot by Derek Roy.
12:41 of 3rd period - Shot Misses the Net.
12:57 of 3rd period - Shot by Jason Pominville.
12:57 of 3rd period - Goal by Jason Pominville - Oilers : 5 - Jets : 2.
12:58 of 3rd period - Dave Bolland wins face-off versus Jakub Voracek in neutral zone.
13:05 of 3rd period - Shot by Pascal Dupuis.
13:05 of 3rd period - Stopped by Kari Lehtonen without a rebound.
13:06 of 3rd period - Brian Boyle wins face-off versus Pascal Dupuis in Oilers zone.
13:32 of 3rd period - Shot by Dave Bolland.
13:32 of 3rd period - Shot Misses the Net.
13:34 of 3rd period - Shot by Pascal Dupuis.
13:34 of 3rd period - Shot Blocked by Erik Gustafsson.
13:38 of 3rd period - Shot by Pascal Dupuis.
13:38 of 3rd period - Shot Blocked by Erik Gustafsson.
13:40 of 3rd period - Shot by Mark Giordano.
13:40 of 3rd period - Shot Misses the Net.
13:42 of 3rd period - Shot by Mark Giordano.
13:42 of 3rd period - Stopped by Kari Lehtonen without a rebound.
13:43 of 3rd period - Martin Erat wins face-off versus Derek Roy in Oilers zone.
14:11 of 3rd period - Jason Pominville is hit by James Wisniewski and loses puck.
14:26 of 3rd period - Shot by Erik Cole.
14:26 of 3rd period - Shot Blocked by Chris Phillips.
14:28 of 3rd period - Shot by Martin Erat.
14:28 of 3rd period - Shot Misses the Net.
15:30 of 3rd period - Shot by Lee Stempniak.
15:30 of 3rd period - Shot Blocked by Chris Phillips.
15:57 of 3rd period - Icing by Chris Phillips.
15:58 of 3rd period - Derek Roy wins face-off versus Jordan Staal in Oilers zone.
15:58 of 3rd period - Derek Roy is hit by Erik Cole.
16:01 of 3rd period - Icing by Chris Phillips.
16:02 of 3rd period - Derek Roy wins face-off versus Jordan Staal in Oilers zone.
16:15 of 3rd period - Shot by Erik Cole.
16:15 of 3rd period - Stopped by Kari Lehtonen without a rebound.
16:16 of 3rd period - David Backes wins face-off versus Henrik Sedin in Oilers zone.
16:21 of 3rd period - Shot by Dany Heatley.
16:21 of 3rd period - Shot Blocked by Carlo Colaiacovo.
16:24 of 3rd period - Minor Penalty to Mark Giordano for Tripping.
16:25 of 3rd period - Jordan Staal wins face-off versus David Backes in Jets zone.
16:43 of 3rd period - Shot by David Backes.
16:43 of 3rd period - Shot Misses the Net.
16:49 of 3rd period - Shot by Mikael Samuelsson.
16:49 of 3rd period - Shot Misses the Net.
16:51 of 3rd period - Shot by Scott Hannan.
16:51 of 3rd period - Stopped by Tim Thomas without a rebound.
16:52 of 3rd period - Jordan Staal wins face-off versus David Backes in Jets zone.
17:07 of 3rd period - Shot by Mikael Samuelsson.
17:07 of 3rd period - Stopped by Tim Thomas without a rebound.
17:08 of 3rd period - Jordan Staal wins face-off versus David Backes in Jets zone.
17:17 of 3rd period - Shot by Scott Hannan.
17:17 of 3rd period - Stopped by Tim Thomas with a rebound.
17:19 of 3rd period - Shot by Scott Hannan.
17:19 of 3rd period - Stopped by Tim Thomas without a rebound.
17:20 of 3rd period - Jordan Staal wins face-off versus David Backes in Jets zone.
18:49 of 3rd period - Tomas Holmstrom is hit by Jamie Benn and loses puck.
19:08 of 3rd period - Off-side.
19:09 of 3rd period - Jordan Staal wins face-off versus Jason Pominville in neutral zone.
19:30 of 3rd period - Icing by Jason Garrison.
19:31 of 3rd period - Jordan Staal wins face-off versus David Backes in Jets zone.
19:50 of 3rd period - Shot by Jordan Staal.
19:50 of 3rd period - Shot Misses the Net.
19:52 of 3rd period - Shot by Martin Erat.
19:52 of 3rd period - Shot Misses the Net.


Output by the SimonT Hockey Simulator (STHS) for Stephane Roy -- Original Page W3C XHTML 1.0 Valid
Hockey Simulator - Hockey Simulation - Hockey Manager